 Dungeon Crawl Stone Soup version 0.28-a0-802-g09f76e8c00 (webtiles) character file.

Game seed: 12771904103038807623

103 avis the Insei (level 4, 0/29 HPs)
             Began as an Octopode Transmuter on Nov 7, 2021.
             Slain by a goblin (3 damage)
             ... on level 3 of the Dungeon.
             The game lasted 00:08:34 (2802 turns).

avis the Insei (Octopode Transmuter)                Turns: 2802, Time: 00:08:34

Health: 0/29       AC:  1    Str: 10    XL:     4   Next: 79%
Magic:  4/7        EV: 13    Int: 13    God:
Gold:   93         SH:  0    Dex: 12    Spells: 3/7 levels left

rFire   + . .      SeeInvis .     - Unarmed
rCold   . . .      Faith    .   (no shield)
rNeg    . . .      Spirit   .   (helmet currently unavailable)
rPois   .          Reflect  .   (no amulet)
rElec   .          Harm     .   (no ring)
rCorr   .          Rampage  .   (no ring)
Will    .....                   (no ring)
Stlth   +++.......              (no ring)
HPRegen 0.09/turn               (no ring)
MPRegen 0.10/turn               (no ring)
                                (no ring)
                                (no ring)

@: brilliant, appendages (expiring)
A: tentacle spike 3, almost no armour, amphibious, 8 rings, camouflage 1,
gelatinous body 1, (nimble swimmer 1), tentacles, dopey 1, fire resistance 1,
screaming 1
a: End Transformation


You were on level 3 of the Dungeon.
One of your tentacles had grown a beastly spike.
You visited 1 branch of the dungeon, and saw 3 of its levels.

You collected 93 gold pieces.

Inventory:

Missiles
 c - 37 stones
 k - 23 sling bullets
Magical Staves
 g - a staff of death
Wands
 l - a wand of mindburst (7)
Scrolls
 a - 4 scrolls of identify {unknown}
 d - 3 scrolls of summoning {unknown}
 f - a scroll of teleportation {unknown}
 h - a scroll of vulnerability {unknown}
Potions
 b - 2 potions of mutation
 e - a potion of curing {unknown}
 i - a potion of brilliance
 j - a potion of might {unknown}


   Skills:
 - Level 2.0 Fighting
 - Level 2.0 Dodging
 - Level 1.0 Stealth
 * Level 4.9 Unarmed Combat
 - Level 2.0 Spellcasting
 - Level 2.0 Transmutations


You had 3 spell levels left.
You knew the following spells:

 Your Spells              Type           Power      Damage    Failure   Level
a - Beastly Appendage     Tmut           18%        N/A       11%         1
p - Spider Form           Tmut/Pois      5%         N/A       45%         3

Your spell library contained the following spells:

 Spells                   Type           Power      Damage    Failure   Level
 Wereblood                Tmut           9%         N/A       17%         2
 Ice Form                 Ice/Tmut       5%         N/A       86%         4
 Chain Lightning          Conj/Air       0%         2d1       100%        9
 Fire Storm               Conj/Fire      0%         6d1       100%        9
 Shatter                  Erth           0%         3d5*      100%        9


Dungeon Overview and Level Annotations

Branches:
Dungeon (3/15)

Altars:

Shops:
D:2 *


Innate Abilities, Weirdness & Mutations

One of your tentacles has grown a beastly spike.
You cannot wear most types of armour.
You are amphibious.
You can wear up to eight rings at the same time.
Your skin changes colour to match your surroundings (Stealth+).
Your rubbery body absorbs attacks. (AC +1, EV +1)
((You are camouflaged near water. (Stealth+)))
You have tentacles for arms and can constrict up to eight enemies at once.
You are dopey. (Int -2)
Your flesh is heat resistant. (rF+)
You occasionally shout uncontrollably at your foes.


Message History

The hobgoblin hits you.
You tentacle-slap the hobgoblin. Your grab misses the hobgoblin.
You squeeze the hobgoblin.
The hobgoblin is almost dead.
The goblin hits you with a +0 club. The hobgoblin hits you.
You tentacle-slap the hobgoblin but do no damage.
You grab the hobgoblin.
The hobgoblin is almost dead.
You constrict the hobgoblin.
You kill the hobgoblin!
The goblin hits you but does no damage.
You barely miss the goblin. Your grab misses the goblin.
The goblin barely misses you. The goblin misses you.
You miss the goblin. You grab the goblin.
You pierce the goblin.
You squeeze the goblin.
You kill the goblin!
The goblin barely misses you.
You barely miss the goblin. You grab the goblin.
You pierce the goblin.
You kill the goblin!
Your transformation is almost over.
You barely miss the goblin. Your grab misses the goblin.
Your tentacle spike misses the goblin.
The goblin hits you with a +0 club.
You bludgeon the goblin!
You kill the goblin!
The goblin hits you with a +0 club.
* * * LOW HITPOINT WARNING * * *
You bludgeon the goblin!
You kill the goblin!
The goblin hits you with a +0 club.
* * * LOW HITPOINT WARNING * * *
It was a potion of mutation.
You feel extremely strange.
You feel the urge to shout.
You feel stupid.
You feel resistant to heat. The goblin hits you with a +0 club.
* * * LOW HITPOINT WARNING * * *
The goblin barely misses you.
Your magical contamination has completely faded away.
It was a potion of brilliance.
You feel clever all of a sudden. The goblin hits you with a +0 club.
You die...

### #.. #.#
#########
#######.# .
8.8.8.8@#
......... #
......gg# #.. #
# .......(# #.#
# .# ..?.....#
#<. ##.#
.......?# #.#
#.. ........#
#.. .#.#
8.8.8.8.# #.. #
#.##############
#.. # ##.......#
........


You could see 2 goblins.

Vanquished Creatures
  An iguana (D:3)
  3 adders (D:2)
  A worm (D:2)
  A dart slug (D:2)
  6 ball pythons
  5 endoplasms
  A giant cockroach (D:1)
  7 hobgoblins
  A quokka (D:1)
  3 bats
  4 frilled lizards
  5 goblins
  5 kobolds
  5 rats
48 creatures vanquished.

Notes
Turn   | Place    | Note
-------+----------+-------------------------------------------
     0 | D:1      | avis the Octopode Transmuter began the quest for the Orb.
     0 | D:1      | Reached XP level 1. HP: 13/13 MP: 3/3
    43 | D:1      | Reached skill level 1 in Stealth
   413 | D:1      | Reached XP level 2. HP: 19/19 MP: 3/5
  1013 | D:1      | Reached XP level 3. HP: 24/24 MP: 4/6
  1471 | D:2      | Reached skill level 4 in Unarmed Combat
  1618 | D:2      | Found Icra's General Store.
  1629 | D:2      | Learned a level 3 spell: Spider Form
  1644 | D:2      | Found a faded altar of an unknown god.
  1939 | D:2      | Reached XP level 4. HP: 28/29 MP: 7/7
  2801 | D:3      | Gained mutation: You occasionally shout uncontrollably at
                  | your foes. [potion of mutation]
  2801 | D:3      | Gained mutation: You are dopey. (Int -2) [potion of
                  | mutation]
  2801 | D:3      | Gained mutation: Your flesh is heat resistant. (rF+)
                  | [potion of mutation]
  2802 | D:3      | Slain by a goblin

Illustrated notes

Levels and vault maps discovered:
D:1:      dpeg_arrival_simpleton_b, layout_loops_ring, serial_park_tiny_1
D:2:      layout_basic, shapermc_ecumenical_altar_acropolis, serial_shops, shop
D:3:      kennysheep_the_goblin_king, layout_loops_ring, grunt_ministairs_6,
          chequers_serial_rivers_micro_a, minivault_5, uniq_ijyb, uniq_sigmund

Skill      XL: |  1  2  3 |
---------------+----------+-----
Stealth        | 1 |  1.0
Fighting       | 2 |  2.0
Unarmed Combat | 4 |  4.9
Dodging        | |  2.0
Spellcasting   | |  2.0
Transmutations | |  2.0

Action                   |  1- 3 |  4- 6 || total
-------------------------+-------+-------++-------
Melee: Unarmed           |    72 |    25 ||    97
       Constrict         |    23 |     7 ||    30
       Kick              |    19 |     7 ||    26
       Tentacles         |     8 |     4 ||    12
       Punch             |     1 |     1 ||     2
 Cast: Beastly Appendage |    32 |    10 ||    42
  Use: Potion            |       |     2 ||     2
 Stab: Sleeping          |     9 |     5 ||    14
Armor: Skin              |     6 |     2 ||     8
Dodge: Dodged            |    44 |    13 ||    57

Table legend: (Time is in decaauts)
 A = Elapsed time spent in this place.
 B = Non-inter-level travel time spent in this place.
 C = Inter-level travel time spent in this place.
 D = Time resting spent in this place.
 E = Time spent auto-exploring this place.
 F = Levels seen in this place.
 G = Mean time per level.
                   A        B        C        D        E       F      G
               +--------+--------+--------+--------+--------+-----+--------+
         Total |   2800 |   2556 |    244 |    738 |   1282 |   3 |  933.3 |
       Dungeon |   2800 |   2556 |    244 |    738 |   1282 |   3 |  933.3 |
               +--------+--------+--------+--------+--------+-----+--------+

Top non-repeatable levels by time:
     D:2: 1477 daAuts
     D:1: 1197 daAuts
     D:3: 125 daAuts
